 Dungeon Crawl Stone Soup version 0.31-a0-263-ge8cad7f256 (webtiles) character file.

Game seed: 14835500200335921977

7702 pokeman the Thaumaturge (level 11, -14/62 HPs)
             Began as a Deep Elf Hedge Wizard on July 13, 2023.
             Was a Priest of Vehumet.
             Killed from afar by an ice dragon (38 damage)
             ... with a blast of cold
             ... on level 10 of the Dungeon.
             The game lasted 00:26:19 (9404 turns).

pokeman the Thaumaturge (Deep Elf Hedge Wizard)     Turns: 9404, Time: 00:26:19

Health: -14/62     AC:  9    Str:  7    XL:     11   Next: 0%
Magic:  21/31      EV: 18    Int: 30    God:    Vehumet [***...]
Gold:   652        SH:  0    Dex: 14    Spells: 24/39 levels left

rFire   . . .        a - +1 short sword (venom)
rCold   . . .        (no shield)
rNeg    . . .        b - +0 robe
rPois   .            k - +0 helmet
rElec   .            Q - +0 cloak
rCorr   .            t - +2 pair of gloves
SInv    .            q - +0 pair of boots
Will    +....        n - amulet of regeneration
Stlth   ++           J - +6 ring of intelligence
HPRegen 1.10/turn    x - +5 ring of evasion
MPRegen 0.22/turn

%: no passive effects
@: no status effects
A: no striking features
a: Renounce Religion


You were on level 10 of the Dungeon.
You worshipped Vehumet.
Vehumet was most pleased with you.
You visited 2 branches of the dungeon, and saw 11 of its levels.

You collected 652 gold pieces.

Inventory:

Hand Weapons
 a - a +1 short sword of venom (weapon)
 V - a +2 halberd of pain
Armour
 b - a +0 robe (worn)
 k - a +0 helmet (worn)
 q - a +0 pair of boots (worn)
 t - a +2 pair of gloves (worn)
 L - a scarf of invisibility
 Q - a +0 cloak (worn)
 W - a scarf of shadows
Jewellery
 g - a ring of ice
 l - a +6 ring of strength
 n - an amulet of regeneration (around neck)
 x - a +5 ring of evasion (right hand)
 B - a ring of willpower
 D - a ring of flight
 I - an amulet of guardian spirit
 J - a +6 ring of intelligence (left hand)
 S - a ring of resist corrosion
 T - a +6 ring of dexterity
Talismans
 C - a beast talisman
Wands
 r - a wand of mindburst (49)
 G - a wand of polymorph (10)
 M - a wand of flame (7)
 R - a wand of digging (4)
 U - a wand of roots (5)
Scrolls
 c - a scroll of vulnerability {unknown}
 e - a scroll of fog {unknown}
 h - 3 scrolls of enchant weapon {unknown}
 i - 2 scrolls of poison {unknown}
 j - 3 scrolls of enchant armour {unknown}
 m - 4 scrolls of identify {unknown}
 o - 3 scrolls of immolation {unknown}
 u - a scroll of blinking {unknown}
 w - a scroll of teleportation {unknown}
 y - a scroll of butterflies {unknown}
 E - a scroll of fear {unknown}
 H - a scroll of noise {unknown}
 K - 2 scrolls of revelation {unknown}
 O - a scroll of silence {unknown}
 P - 2 scrolls of torment {unknown}
Potions
 d - 2 potions of magic
 f - a potion of lignification {unknown}
 p - 7 potions of curing {unknown}
 s - 2 potions of haste {unknown}
 v - 3 potions of degeneration {unknown}
 z - 5 potions of heal wounds {unknown}
 A - a potion of might {unknown}
 F - 2 potions of enlightenment {unknown}
 N - a potion of berserk rage {unknown}


   Skills:
 + Level 4.7 Fighting
 - Level 4.0 Armour
 - Level 3.0 Dodging
 - Level 3.1 Stealth
 * Level 14.9 Spellcasting
 + Level 8.7 Conjurations
 - Level 1.1 Summonings
 - Level 2.0 Necromancy
 - Level 1.1 Translocations
 + Level 4.3 Fire Magic
 - Level 3.0 Air Magic
 - Level 1.0 Poison Magic
 - Level 1.0 Evocations


You had 24 spell levels left.
You knew the following spells:

 Your Spells              Type           Power      Damage    Failure   Level
a - Magic Dart            Conj           100%       1d8       1%          1
b - Mephitic Cloud        Conj/Pois/Air  48%        N/A       1%          3
c - Call Imp              Summ           58%        N/A       1%          2
d - Blink                 Tloc           58%        N/A       1%          2
e - Flame Wave            Conj/Fire      58%        2d14      1%          4
f - Swiftness             Air            40%        N/A       1%          3

Your spell library contained the following spells:

 Spells                   Type           Power      Damage    Failure   Level
 Scorch                   Fire           96%        2d9       1%          2
 Shock                    Conj/Air       100%       1d9       1%          1
 Cigotuvi's Dreadful Rot  Necr/Pois/Air  68%        N/A       1%          2
 Sublimation of Blood     Necr           34%        N/A       1%          2
 Frozen Ramparts          Ice            44%        1d7       1%          3
 Inner Flame              Hex/Fire       35%        N/A       1%          3
 Airstrike                Air            20%        2d(3-19)  1%          4
 Sticky Flame             Conj/Fire      58%        2d7       1%          4
 Slow                     Hex            88%        N/A       2%          1
 Ensorcelled Hibernation  Hex/Ice        44%        N/A       3%          2
 Wereblood                Tmut           22%        N/A       3%          2
 Anguish                  Hex/Necr       14%        N/A       14%         4
 Petrify                  Tmut/Erth      22%        N/A       22%         4
 Metabolic Englaciation   Hex/Ice        11%        N/A       52%         5
 Summon Hydra             Summ           14%        N/A       100%        7


Dungeon Overview and Level Annotations

Branches:
Dungeon (10/15)            Temple (1/1) D:7
   Lair: D:8-11         Orc: D:9-12

Altars:
Ashenzari
Cheibriados
Dithmenos
Elyvilon
Gozag
Hepliaklqana
Makhleb
Okawaru
Qazlal
Ru
Sif Muna
Trog
Uskayaw
Vehumet
Xom
Yredelemnul
Zin

Shops:
D:1 [


Message History

Something hits you.
Deactivating autopickup; reactivate with Ctrl-A.
Something hits you!
Casting: Flame Wave (safe; 1% risk of failure)
Confirm with . or Enter, or press ? or * to list all spells.
Casting: Flame Wave (safe; 1% risk of failure)
Press: ? - help, Dir - look around, f - activate A wave of flame ripples out!
The flame wave engulfs something! (Press . to intensify the flame waves.)
You hear two shouts!
Something hits you.
Unknown command.
A wave of flame ripples out!
The flame wave engulfs something.
Something hits you but does no damage. Something hits you.
Unknown command.
A wave of flame ripples out!
The flame wave engulfs something!
You finish channelling waves of flame.
Something hits you. Something barely misses you.
Unknown command.
Casting: Flame Wave (safe; 1% risk of failure)
Confirm with . or Enter, or press ? or * to list all spells.
Casting: Flame Wave (safe; 1% risk of failure)
Press: ? - help, Dir - look around, f - activate A wave of flame ripples out!
The flame wave engulfs something! (Press . to intensify the flame waves.)
Something closely misses you.
Unknown command.
A wave of flame ripples out!
The flame wave engulfs something!!
Vehumet accepts your kill.
Reactivating autopickup.
You feel a bit more experienced.
You have reached level 11!
An ice dragon comes into view.
The ice dragon breathes frost at you. The blast of cold hits you!!
Ouch! That really hurt!
The ice dragon breathes frost at you. The blast of cold hits you!!!
Ouch! That really hurt!
You die...

#..#........###
## #.(#......###
... #..#......#
#.#####..#......#
#...##..#......#
#D.##.##......#
#...#.........#
###...#.........
#...@...........
####..#.........
#..#.".......
##.#.........
..#$........
###.##...... #..
..[... #.. .....


You could see an ice dragon (catching breath).

Vanquished Creatures
  A two-headed ogre (D:9)
  Pikel (D:4)
  An unseen horror (D:10)
  A troll (D:10)
  Prince Ribbit (D:5)
  Grinder (D:4)
  A shadow (D:5)
  2 wyverns
  11 yaks (D:9)
  Duvessa (D:7)
  A water moccasin (D:8)
  A black bear (D:8)
  3 sky beasts
  7 orc warriors
  5 ogres
  2 centaurs
  A lemure (D:4)
  3 phantoms
  A kobold brigand (D:7)
  A gnoll sergeant (D:10)
  2 scorpions (D:5)
  5 wights (D:9)
  Dowan (D:7)
  5 killer bees (D:8)
  A howler monkey (D:5)
  5 orc priests
  3 hounds
  A gnoll bouda (D:9)
  Ijyb (D:4)
  Jessica (D:2)
  2 iguanas (D:5)
  5 orc wizards
  Robin (D:4)
  10 gnolls
  6 adders
  2 white imps
  3 worms
  3 dart slugs
  53 orcs
  6 ball pythons
  2 bats
  4 endoplasms
  2 giant cockroaches (D:2)
  28 goblins
  8 hobgoblins
  12 jackals
  9 kobolds
  5 quokkas
  4 frilled lizards
  4 rats
240 creatures vanquished.

Vanquished Creatures (collateral kills)
  An ice beast (D:7)
1 creature vanquished.

Grand Total: 241 creatures vanquished

Notes
Turn   | Place    | Note
-------+----------+-------------------------------------------
     0 | D:1      | pokeman the Deep Elf Hedge Wizard began the quest for the
                  | Orb.
     0 | D:1      | Reached XP level 1. HP: 10/10 MP: 7/7
   278 | D:1      | Reached XP level 2. HP: 14/16 MP: 3/9
   453 | D:1      | You fall into a shaft and drop 1 floor!
   519 | D:1      | Found Haroc's Armour Boutique.
   909 | D:1      | Reached skill level 5 in Spellcasting
  1369 | D:2      | Reached XP level 3. HP: 20/20 MP: 8/11
  1373 | D:2      | Learned a level 3 spell: Mephitic Cloud
  1376 | D:2      | Learned a level 2 spell: Call Imp
  1379 | D:2      | Learned a level 2 spell: Blink
  1508 | D:2      | Found a faded altar of an unknown god.
  1516 | D:2      | Got Plato's Folio of Ceraunoscopy
  1692 | D:2      | Reached skill level 1 in Armour
  1694 | D:2      | Reached skill level 1 in Fighting
  1931 | D:2      | Reached XP level 4. HP: 23/25 MP: 4/13
  2289 | D:2      | Noticed Jessica
  2294 | D:2      | Killed Jessica
  2780 | D:3      | Reached skill level 6 in Spellcasting
  2780 | D:3      | Reached XP level 5. HP: 24/29 MP: 8/15
  3756 | D:4      | Noticed Ijyb
  3768 | D:4      | Killed Ijyb
  3769 | D:4      | Reached skill level 1 in Poison Magic
  3769 | D:4      | Reached skill level 1 in Evocations
  3772 | D:4      | Reached skill level 1 in Air Magic
  3927 | D:4      | Noticed a lemure
  3928 | D:4      | Noticed a lemure
  3929 | D:4      | Noticed Pikel
  3931 | D:4      | Noticed a lemure
  3936 | D:4      | Noticed Grinder
  3941 | D:4      | Reached XP level 6. HP: 33/34 MP: 9/17
  3963 | D:4      | Killed Pikel
  3964 | D:4      | Reached skill level 8 in Spellcasting
  3964 | D:4      | Reached XP level 7. HP: 36/40 MP: 2/20
  4473 | D:4      | Killed Grinder
  4474 | D:4      | Reached skill level 9 in Spellcasting
  4474 | D:4      | Reached XP level 8. HP: 45/45 MP: 7/23
  4544 | D:4      | Noticed Robin
  4706 | D:4      | Killed Robin
  4707 | D:4      | Reached skill level 5 in Conjurations
  4873 | D:5      | Entered Level 5 of the Dungeon
  4907 | D:5      | Noticed Prince Ribbit
  5073 | D:5      | Reached skill level 10 in Spellcasting
  5251 | D:5      | Killed Prince Ribbit
  5252 | D:5      | Reached skill level 11 in Spellcasting
  5759 | D:6      | Found a hazy altar of Hepliaklqana.
  5759 | D:6      | Found a sacrificial altar of Ru.
  5760 | D:6      | Found a hide-covered altar of Uskayaw.
  5808 | D:6      | Reached XP level 9. HP: 43/49 MP: 15/26
  6108 | D:6      | Reached skill level 12 in Spellcasting
  6175 | D:6      | Learned a level 3 spell: Swiftness
  6633 | D:7      | Found a staircase to the Ecumenical Temple.
  6642 | Temple   | Entered the Ecumenical Temple
  6688 | Temple   | Became a worshipper of Vehumet
  7044 | D:7      | Noticed Dowan
  7056 | D:7      | Noticed Duvessa
  7059 | D:7      | Killed Dowan
  7076 | D:7      | Killed Duvessa
  7095 | D:7      | Reached * piety under Vehumet
  7095 | D:7      | Offered knowledge of Sandblast by Vehumet.
  7632 | D:7      | Reached skill level 13 in Spellcasting
  7704 | D:8      | Learned a level 4 spell: Flame Wave
  8057 | D:8      | Reached skill level 1 in Fire Magic
  8198 | D:8      | Reached XP level 10. HP: 46/56 MP: 18/29
  8209 | D:8      | Offered knowledge of Static Discharge by Vehumet.
  8211 | D:8      | Reached ** piety under Vehumet
  8481 | D:9      | Reached skill level 14 in Spellcasting
  8809 | D:9      | Offered knowledge of Scorch by Vehumet.
  8956 | D:9      | Noticed a two-headed ogre
  8975 | D:9      | Killed a two-headed ogre
  8976 | D:9      | Reached skill level 1 in Necromancy
  9308 | D:10     | Entered Level 10 of the Dungeon
  9327 | D:10     | Reached *** piety under Vehumet
  9367 | D:10     | Found an iron altar of Okawaru.
  9401 | D:10     | Reached XP level 11. HP: 51/62 MP: 20/31
  9402 | D:10     | Noticed an ice dragon
  9404 | D:10     | Killed from afar by an ice dragon

Illustrated notes

Levels and vault maps discovered:
D:1:      roderic_octagonal_star, layout_loops_ring, serial_shops,
          nicolae_shop_advertising_works [nicolae_subvault_shop_adworks],
          nrook_uturn, minmay_cut_off
D:2:      layout_loops_ring, shapermc_ecumenical_altar_rom_forum, st_stairs_10,
          nicolae_kite_square_tiling_tiny, kennysheep_jessica_study
D:3:      layout_basic
D:4:      kennysheep_goblin_castle, layout_basic, uniq_ijyb, uniq_pikel,
          uniq_grinder
D:5:      layout_rooms, uniq_prince_ribbit1
D:6:      layout_basic, gammafunk_temple_overflow_forgotten,
          lemuel_flamethrower_1
D:7:      layout_cave_pools, minmay_temple_entry_slanted, uniq_duvessa
D:8:      layout_rooms, special_room [special_room_orc], minmay_crystal_water
D:9:      layout_loops_ring
D:10:     minmay_the_grid_4x2 [minmay_the_grid_medium_cups,
          minmay_the_grid_gridbox, minmay_the_grid_plusring,
          minmay_the_grid_spikes, minmay_the_grid_zigzag_pyramid,
          minmay_the_grid_dragon_b, minmay_the_grid_fan,
          minmay_the_grid_prize_four_corners_diamond_a], layout_gridville,
          okawaru_gym_becter
Temple:   nicolae_temple_bog_church

Skill      XL: |  1  2  3  4  5  6  7  8  9 10 |
---------------+-------------------------------+-----
Spellcasting   | 5 6 8 9 11 13 14 | 14.9
Armour         | 1 2 3 4 |  4.0
Conjurations   | 2 3 4 6 7 8 |  8.7
Fighting       | 1 2 4 |  4.7
Dodging        | 3 |  3.0
Stealth        | 3 |  3.1
Poison Magic   | 1 |  1.0
Evocations     | 1 |  1.0
Air Magic      | 1 3 |  3.0
Fire Magic     | 1 4 |  4.3
Necromancy     | 2 |  2.0
Summonings     | |  1.1
Translocations | |  1.1

Action                     |  1- 3 |  4- 6 |  7- 9 | 10-12 || total
---------------------------+-------+-------+-------+-------++-------
  Melee: Dagger            |    11 |    43 |   150 |       ||   204
         Punch             |       |     2 |     2 |     4 ||     8
         Short sword       |       |       |    51 |    91 ||   142
   Cast: Magic Dart        |    91 |    38 |   206 |     4 ||   339
         Mephitic Cloud    |       |    11 |    36 |    17 ||    64
         Call Imp          |       |     3 |     5 |       ||     8
         Blink             |       |       |     5 |     1 ||     6
         Flame Wave        |       |       |     2 |    17 ||    19
         Swiftness         |       |       |     1 |       ||     1
  Evoke: Wand              |       |       |     2 |       ||     2
   Stab: Sleeping          |     1 |       |       |     1 ||     2
         Confused          |       |     5 |    20 |    12 ||    37
 Armour: Robe              |     7 |     8 |    29 |    14 ||    58
  Dodge: Dodged            |    10 |    19 |   192 |    71 ||   292

Table legend: (Time is in decaauts)
 A = Elapsed time spent in this place.
 B = Non-inter-level travel time spent in this place.
 C = Inter-level travel time spent in this place.
 D = Time resting spent in this place.
 E = Time spent auto-exploring this place.
 F = Levels seen in this place.
 G = Mean time per level.
                   A        B        C        D        E       F      G
               +--------+--------+--------+--------+--------+-----+--------+
         Total |   9406 |   9152 |    254 |    469 |   6999 |  11 |  855.1 |
       Dungeon |   9338 |   9101 |    237 |    469 |   6963 |  10 |  933.8 |
        Temple |     67 |     50 |     17 |      0 |     35 |   1 |   67.0 |
               +--------+--------+--------+--------+--------+-----+--------+

Top non-repeatable levels by time:
     D:2: 1348 daAuts
     D:4: 1308 daAuts
     D:1: 1242 daAuts
     D:3: 1069 daAuts
     D:7: 944 daAuts
     D:9: 879 daAuts
     D:6: 872 daAuts
     D:8: 795 daAuts
     D:5: 781 daAuts
    D:10: 95 daAuts
  Temple: 67 daAuts
